[Event "*** Titled Tuesday Blitz"]
[Site "Chess.com"]
[Date "2020.05.05"]
[Round "2"]
[White "ChessAintFun"]
[Black "Phenix2k"]
[Result "1-0"]
[WhiteElo "2623"]
[BlackElo "2287"]
[TimeControl "180+1"]
[EndTime "10:17:39 PDT"]
[Termination "ChessAintFun won by resignation"]

1. e4 e5 2. Nf3 Nc6 3. Bc4 Nf6 4.
d3 Bc5 5. c3 O-O 6. a4 d6 7. b4 Bxb4 8. cxb4 d5 9. exd5 Nxb4 10.
Ba3 a5 11. Bxb4 axb4 12. Qb3 Bg4 13. Nbd2 e4 14. dxe4 Nxe4 15. Nxe4 Re8 16. O-O Rxe4 17. d6 Qxd6 18. Bxf7+ Kh8 19. Rad1 Qf6 20. Bd5 Bxf3 21. Qxf3 Rf4 22. Qb3 c6 23. Bc4 Rf8 24. f3 b5 25.
axb5 cxb5 26. Bd3 h5 27. Be4 Qc3 28. Qd5 Rh4 29. Qd6 Qf6 30. Qxf6 gxf6 31. Rb1 f5 32. Bc6 Rc8 33. Bxb5 Rb8 34. Bd3 Rf4 35. Rb3 h4 36. g3 hxg3 37. hxg3 Rd4 38. Bxf5 Kg7 39. Re1 Kf6 40. Bd3 Rbd8 41. Re3 Kg5 42. Kf2 Kf6 43.
f4 Rb8 44. Kf3 Rd7 45. g4 Ra7 46. g5+ Kg7 47. Kg4 Ra3 48. Bc4 Rba8 49. f5 Rxb3 50. Bxb3 Re8 51. Rxe8 1-0

[Event "*** Titled Tuesday Blitz"]
[Site "Chess.com"]
[Date "2020.05.05"]
[Round "2"]
[White "Yuri202062"]
[Black "Nastya_Rakhmangulova"]
[Result "1-0"]
[WhiteElo "2555"]
[BlackElo "2293"]
[TimeControl "180+1"]
[EndTime "10:17:40 PDT"]
[Termination "Yuri202062 won by resignation"]

1. d4 d5 2. c4 c6 3. Nc3 Nf6 4. e3 a6 5. Bd3 b5 6. b3 Bg4 7.
Nge2 e6 8. Qc2 Bxe2 9. Bxe2 Nbd7 10. O-O Bd6 11. e4 b4 12. e5 bxc3 13. exd6 Ne4 14. c5 Qf6 15. Be3 e5 16. Rad1 O-O 17. dxe5 Qxe5 18. Bd4 Qe6 19. b4 Rfb8 20. a3 a5 21. f3 Nef6 22. Bxc3 axb4 23. axb4 d4 24. Rxd4 Ra2 25. Bb2 Nxc5 26. Bc4 Qe3+ 27. Qf2 Qxf2+ 28.
Rxf2 Rxb4 29. Bxa2 1-0

[Event "*** Titled Tuesday Blitz"]
[Site "Chess.com"]
[Date "2020.05.05"]
[Round "2"]
[White "KingChess345"]
[Black "DenishevM"]
[Result "1-0"]
[WhiteElo "2185"]
[BlackElo "2588"]
[TimeControl "180+1"]
[EndTime "10:17:41 PDT"]
[Termination "KingChess345 won by resignation"]

1. d4 Nf6 2. Nf3 e6 3. g3 b6 4. Bg2 Bb7 5. O-O Be7 6. c4 O-O 7. Nc3 Ne4 8. Bd2 Nxd2 9. Qxd2 d6 10. d5 e5 11. e4 Nd7 12. Ne1 a5 13. Nd3 Bc8 14.
Rae1 Bf6 15. Kh1 g6 16. f4 exf4 17. gxf4 Bg7 18. e5 Nc5 19. e6 Qh4 20. Nxc5 bxc5 21. Nb5 Qe7 22. f5 gxf5 23. Rxf5 f6 24. Be4 Ba6 25.
Rg1 Kh8 26. Rh5 f5 27. Bxf5 Rxf5 28. Rxf5 Rf8 29. Rgf1 Rxf5 30. Rxf5 Qh4 31. Qf2 Qh6 32. e7 1-0

[Event "*** Titled Tuesday Blitz"]
[Site "Chess.com"]
[Date "2020.05.05"]
[Round "2"]
[White "emperor87"]
[Black "realmadridtv"]
[Result "0-1"]
[WhiteElo "2576"]
[BlackElo "2329"]
[TimeControl "180+1"]
[EndTime "10:17:43 PDT"]
[Termination "realmadridtv won by resignation"]

1. Nf3 Nf6 2. g3 g6 3. Bg2 Bg7 4. O-O O-O 5. c4 b6 6. Nc3 Bb7 7. d4 Ne4 8. Qd3 Nxc3 9. bxc3 d6 10. e4 c5 11. Be3 Nc6 12. Nd2 Rc8 13. f4 Na5 14. d5 Qd7 15. a4 e6 16. f5 exd5 17. exd5 Rce8 18. f6 Bh8 19. Bh6 Ba6 20. Bxf8 Rxf8 21.
h4 Bc8 22. h5 Qd8 23. Ne4 Bf5 24. g4 Bxe4 25. Bxe4 Bxf6 26. Qf3 Be5 27. Kg2 Qg5 28. Rae1 Kg7 29. Rh1 f5 30. Bd3 fxg4 31. Qe2 Rf3 32. Qe4 Qf6 33. Ref1 Rg3+ 0-1

[Event "*** Titled Tuesday Blitz"]
[Site "Chess.com"]
[Date "2020.05.05"]
[Round "2"]
[White "Blagorod"]
[Black "UmutErdemGunduz"]
[Result "0-1"]
[WhiteElo "2134"]
[BlackElo "2395"]
[TimeControl "180+1"]
[EndTime "10:17:44 PDT"]
[Termination "UmutErdemGunduz won by resignation"]

1. e4 e5 2. Nf3 Nc6 3. Bb5 a6 4.
Ba4 Nf6 5. O-O Be7 6. d3 b5 7. Bb3 O-O 8. a4 d5 9. exd5 Na5 10.
Nxe5 Nxb3 11. Nc6 Bg4 12. Qe1 Qd6 13. Nxe7+ Kh8 14. cxb3 Rfe8 15. h3 Rxe7 16. Qd2 Bd7 17. axb5 Bxb5 18. Nc3 Rae8 19. Nxb5 axb5 20. Qf4 Qxd5 21.
Be3 Qxd3 22. Rfd1 Qxb3 23. Bd4 Rd7 24. Qf5 Red8 25. Kh2 Rxd4 26. Rxd4 Re8 27. Rh4 Qxb2 28. Rd1 g6 29. Rhd4 gxf5 30. R4d2 Qe5+ 31. g3 Ne4 32. Re2 Qf6 0-1

[Event "*** Titled Tuesday Blitz"]
[Site "Chess.com"]
[Date "2020.05.05"]
[Round "2"]
[White "Jaka_Brilej"]
[Black "Gandrade2"]
[Result "1-0"]
[WhiteElo "2361"]
[BlackElo "2017"]
[TimeControl "180+1"]
[EndTime "10:17:45 PDT"]
[Termination "Jaka_Brilej won by checkmate"]

1. e4 c6 2. Nf3 d5 3. Nc3 Bg4 4. h3 Bxf3 5. Qxf3 Nf6 6. d4 dxe4 7. Nxe4 Qxd4 8. Bd3 Qd5 9. Bf4 Nbd7 10. a3 e6 11.
O-O-O Qa2 12. Nc3 Qa1+ 13. Nb1 Qa2 14. c4 Qb3 15. Nd2 Qa4 16. Bc2 Qa6 17. g4 h6 18.
Kb1 Be7 19. h4 Nb6 20. Bd3 Bxa3 21. bxa3 Qxa3 22. Bc2 Qb4+ 23. Qb3 Qc5 24. Be3 Qe7 25. g5 hxg5 26. hxg5 Rxh1 27. Rxh1 Ng8 28. Ne4 Nd7 29. Bf4 O-O-O 30. Nd6+ Kc7 31. Qxb7# 1-0

[Event "*** Titled Tuesday Blitz"]
[Site "Chess.com"]
[Date "2020.05.05"]
[Round "2"]
[White "Kildepiotr"]
[Black "Fins0905"]
[Result "1-0"]
[WhiteElo "2484"]
[BlackElo "2655"]
[TimeControl "180+1"]
[EndTime "10:17:46 PDT"]
[Termination "Kildepiotr won by resignation"]

1. Nf3 d5 2. g3 c6 3. Bg2 Bg4 4. O-O Nd7 5. d3 e5 6. Nbd2 Ngf6 7. e4 dxe4 8. dxe4 Be7 9. Qe2 O-O 10.
a4 Qc7 11. b3 Rfe8 12. Bb2 Bf8 13. Nc4 b5 14. axb5 cxb5 15. Ne3 a6 16. Nxg4 Nxg4 17. Nh4 Ngf6 18. Nf5 Rec8 19. Rac1 g6 20. Ne3 Bh6 21. Rfd1 Qc5 22. Rd3 Ra7 23. c4 Qb4 24. cxb5 Rxc1+ 25. Bxc1 Qxb5 26. Qc2 Kg7 27. Rd6 Qb4 28.
Rc6 Qe1+ 29. Bf1 a5 30. Bd2 Qa1 31. Bc3 Qa3 32. Nc4 Qe7 33. Nxa5 Nc5 34. Bb4 Rxa5 35. Bxa5 Ncxe4 36. Bg2 Ng5 37. h4 Ne6 38. Qc4 Qa3 39. Bc3 Qc1+ 40. Bf1 Qd1 41. Bxe5 1-0

[Event "*** Titled Tuesday Blitz"]
[Site "Chess.com"]
[Date "2020.05.05"]
[Round "2"]
[White "AndriiTop"]
[Black "mikolka1985"]
[Result "0-1"]
[WhiteElo "2289"]
[BlackElo "2563"]
[TimeControl "180+1"]
[EndTime "10:17:46 PDT"]
[Termination "mikolka1985 won by resignation"]

1. d4 Nf6 2. Nf3 e6 3. c4 b6 4. g3 Bb7 5. Bg2 Be7 6. O-O O-O 7. Nc3 Ne4 8. Qc2 Nxc3 9. Qxc3 Be4 10. Rd1 d6 11.
Bh3 Nd7 12. d5 e5 13. b4 Bg6 14. Be3 f5 15. c5 bxc5 16. bxc5 dxc5 17. Nxe5 Nxe5 18.
Qxe5 Bf6 19. Qe6+ Bf7 20. Qxf5 Bxa1 21. Rxa1 Qxd5 22. Qc2 Qc4 23. Qb2 Rab8 24. Qe5 Rfe8 25. Qxc7 Qc3 26. Rc1 Qb2 27. Qxa7 c4 28. Bd7 Ra8 29.
Qd4 Qxd4 30. Bxd4 Rxe2 31. a4 Rd2 32. Bc3 0-1

[Event "*** Titled Tuesday Blitz"]
[Site "Chess.com"]
[Date "2020.05.05"]
[Round "2"]
[White "DonPreuss"]
[Black "KaterinaMiroshnik"]
[Result "0-1"]
[WhiteElo "2181"]
[BlackElo "2424"]
[TimeControl "180+1"]
[EndTime "10:17:46 PDT"]
[Termination "KaterinaMiroshnik won by resignation"]

1. d4 d6 2. e4 Nd7 3. Nc3 e5 4. f4 Ngf6 5. dxe5 dxe5 6. f5 Be7 7. Nf3 c6 8. Bc4 Qb6 9. Qe2 O-O 10. Be3 Qxb2 11. O-O Qxc3 12. Bd2 Qa3 13. Ng5 b5 14. Bb3 a5 15. g4 a4 16. Bxf7+ Rxf7 17. Nxf7 Kxf7 18.
g5 Ng8 19. Qh5+ Kf8 20. Qxh7 Qc5+ 21. Kh1 Qxc2 22. f6 Ndxf6 23. gxf6 Bxf6 24. Bb4+ c5 25.
Rac1 Qxc1 26. Rxc1 cxb4 27. Rc7 b3 28. Qh5 Be6 29.
axb3 a3 30. Qd1 a2 31. Qd6+ Ne7 32. Qxe6 a1=Q+ 33. Kg2 Ra2+ 34. Kh3 Qf1+ 35. Kg4 Rg2+ 36. Kh5 Qf3+ 0-1

[Event "*** Titled Tuesday Blitz"]
[Site "Chess.com"]
[Date "2020.05.05"]
[Round "2"]
[White "robertofabregas"]
[Black "GuerrieroFromLevant"]
[Result "0-1"]
[WhiteElo "2093"]
[BlackElo "2380"]
[TimeControl "180+1"]
[EndTime "10:17:48 PDT"]
[Termination "GuerrieroFromLevant won by resignation"]

1. d4 d5 2. Bf4 Nf6 3. e3 c5 4. c3 Nc6 5. Nd2 Bf5 6. h3 Qb6 7.
Qb3 c4 8. Qxb6 axb6 9. g4 Bg6 10. a3 Nd7 11. Ngf3 f6 12. Bg2 e5 13. Bg3 b5 14.
O-O Bd3 15. Rfe1 e4 16. Nh4 Ne7 17. f3 g5 18. Nf5 Nxf5 19. gxf5 exf3 20. Bxf3 Nb6 21.
e4 Kd7 22. e5 fxe5 23. Bxe5 Bd6 24. Bxh8 Rxh8 25. Be2 Bxf5 26. Bg4 Bxg4 27. hxg4 Bf4 28. Nf3 Kd6 29. Re2 Nd7 30. Rae1 h5 31. gxh5 Rxh5 32.
Ne5 Nxe5 33. dxe5+ Ke6 34. Kg2 Rh2+ 35. Kf3 Rh3+ 36.
Kg4 Rg3+ 37. Kh5 Rd3 38. Kg6 g4 39. Rg1 g3 40. Rh1 Re3 41. Rxe3 Bxe3 42. Re1 g2 0-1

[Event "*** Titled Tuesday Blitz"]
[Site "Chess.com"]
[Date "2020.05.05"]
[Round "2"]
[White "GHANDEEVAM2003"]
[Black "yamalchess"]
[Result "1-0"]
[WhiteElo "2883"]
[BlackElo "2563"]
[TimeControl "180+1"]
[EndTime "10:17:49 PDT"]
[Termination "GHANDEEVAM2003 won on time"]

1. c4 f5 2. Nc3 Nf6 3. g3 g6 4. Bg2 d6 5. d4 Bg7 6. Nh3 Nc6 7. O-O e5 8. dxe5 Nxe5 9. Nf4 O-O 10. Ncd5 c6 11.
Nxf6+ Qxf6 12. Qc2 Bd7 13. Rd1 Rad8 14. Be3 a6 15. Rac1 Bc8 16. b3 Rfe8 17. h3 Qe7 18. Qd2 Nf7 19. Bb6 Rd7 20. Re1 Be5 21. Nd3 Bf6 22. Rcd1 Ng5 23. f3 Nf7 24. f4 Nd8 25. e4 fxe4 26. Rxe4 Qf7 27. Nf2 d5 28. cxd5 cxd5 29.
Rxe8+ Qxe8 30. Bxd5+ Kg7 31. Ne4 Ne6 32. Nxf6 Kxf6 33.
Qc3+ Kf7 34. Qe5 Qe7 35. Re1 Rd6 36. Bd4 Ke8 37. Bc5 1-0

[Event "*** Titled Tuesday Blitz"]
[Site "Chess.com"]
[Date "2020.05.05"]
[Round "2"]
[White "Tayson_7"]
[Black "PetrolulSah"]
[Result "1-0"]
[WhiteElo "2616"]
[BlackElo "2266"]
[TimeControl "180+1"]
[EndTime "10:17:49 PDT"]
[Termination "Tayson_7 won on time"]

1. e4 e5 2. Nf3 Nf6 3. Nxe5 d6 4. Nc4 Nxe4 5. Qe2 Qe7 6. Ne3 c6 7. g3 g6 8. Bg2 Bg7 9. O-O O-O 10. Nc4 d5 11. d3 dxc4 12. dxe4 Be6 13. f4 f5 14. e5 Nd7 15. Be3 Nb6 16. Qf2 Rfd8 17. Bc5 Qf7 18. Nc3 Nd5 19. Ne2 Bf8 20. Bxf8 Kxf8 21.
Rad1 Nb4 22. Nd4 Bd5 23. a3 Bxg2 24. Qxg2 Nd5 25. Rfe1 Qe7 26. Kh1 c3 27. b3 a6 28.
Qf3 c5 29. Nxf5 gxf5 30. Rxd5 Rxd5 31. Qxd5 Rd8 32. Qf3 Qd7 33. e6 Qe7 34. Qxc3 Kg8 35. Qe5 Rd2 36. Qxf5 b5 37. h4 Qb7+ 38. Qe4 Qxe4+ 39.
Rxe4 Kf8 40. f5 Rxc2 41. g4 Rf2 42. Kg1 Rf3 43. Kg2 Rd3 44. f6 Rd2+ 45. Kg3 Rd3+ 46. Kf4 Ke8 47. e7 1-0

[Event "*** Titled Tuesday Blitz"]
[Site "Chess.com"]
[Date "2020.05.05"]
[Round "2"]
[White "SoltaniciR"]
[Black "Akhayan"]
[Result "1-0"]
[WhiteElo "2600"]
[BlackElo "2307"]
[TimeControl "180+1"]
[EndTime "10:17:49 PDT"]
[Termination "SoltaniciR won by resignation"]

1. e4 e6 2. d4 d5 3. Bd3 dxe4 4. Bxe4 Nf6 5. Bf3 c5 6. Ne2 Nc6 7. Be3 cxd4 8. Nxd4 Ne5 9. Nc3 a6 10. Qe2 Qc7 11.
O-O-O Bb4 12. Bf4 Nfd7 13. Qe3 Bxc3 14. bxc3 Qa5 15. Nb3 Qa3+ 16. Kb1 Nc4 17. Qc1 Qa4 18. Be2 O-O 19. Rd4 b5 20. Bd6 Re8 21. Bf3 Ra7 22.
Rhd1 e5 23. Rd5 e4 24. Be2 Nf6 25. R5d4 Bf5 26. Bb4 Nd7 27. Rxd7 Rxd7 28. Rxd7 Bxd7 29. Nc5 Na3+ 30. Bxa3 Qa5 31. Nxd7 Qxc3 32. Bb2 Qc7 33. Qg5 f6 34. Nxf6+ 1-0

[Event "*** Titled Tuesday Blitz"]
[Site "Chess.com"]
[Date "2020.05.05"]
[Round "2"]
[White "nickmatta"]
[Black "ecwinslow"]
[Result "1-0"]
[WhiteElo "2462"]
[BlackElo "2233"]
[TimeControl "180+1"]
[EndTime "10:17:49 PDT"]
[Termination "nickmatta won by resignation"]

1. d4 Nf6 2. c4 g6 3. Nc3 Bg7 4.
e4 d6 5. Bd3 O-O 6. Nge2 Nc6 7.
O-O Nd7 8. Be3 e5 9. d5 Nd4 10. Nb5 Nxe2+ 11. Qxe2 a6 12. Nc3 f5 13. exf5 gxf5 14. f3 c5 15. dxc6 bxc6 16. Rad1 Qe7 17.
Qc2 Qe6 18. Be2 Nf6 19. Qd2 Rd8 20. Bb6 Rd7 21. Na4 Rb8 22. b4 f4 23. Bf2 d5 24.
Nc5 Qe7 25. Nxd7 Bxd7 26. Bc5 Qe8 27. cxd5 cxd5 28. Bxa6 e4 29. Qxf4 Ra8 30. Bb7 Rxa2 31. fxe4 dxe4 32. Rd6 e3 33. Qxe3 Qg6 34. Rdxf6 1-0

[Event "*** Titled Tuesday Blitz"]
[Site "Chess.com"]
[Date "2020.05.05"]
[Round "2"]
[White "Dedic8"]
[Black "ChesterF"]
[Result "1-0"]
[WhiteElo "2778"]
[BlackElo "2522"]
[TimeControl "180+1"]
[EndTime "10:17:50 PDT"]
[Termination "Dedic8 won by resignation"]

1. e4 c5 2. Nf3 d6 3. d4 cxd4 4. Nxd4 Nf6 5. Nc3 a6 6. h3 e5 7. Nde2 b5 8. Ng3 g6 9. a4 b4 10.
Nd5 Nxd5 11. Qxd5 Ra7 12. Be3 Be6 13. Qd2 Rb7 14. a5 Be7 15. Be2 O-O 16. O-O d5 17. exd5 Qxd5 18. Qxd5 Bxd5 19. Rfd1 Be6 20. Ne4 Rc7 21. c3 bxc3 22. Nxc3 Bc5 23. Bh6 Rfc8 24. Ne4 Be7 25. Nc3 Bb4 26. Nd5 Bxd5 27. Rxd5 Rc5 28.
Rxc5 Rxc5 29. Rd1 Bxa5 30. b4 Rc8 31. bxa5 f5 32. Rd6 Kf7 33. Bxa6 Ke7 34. Bxc8 Kxd6 35. a6 Nc6 36. Be3 f4 37. a7 fxe3 38. a8=Q e2 39. Qa3+ Kc7 40. Qe3 Nd4 41. Bg4 1-0

[Event "*** Titled Tuesday Blitz"]
[Site "Chess.com"]
[Date "2020.05.05"]
[Round "2"]
[White "BabyBoss31"]
[Black "MrRooke6"]
[Result "1-0"]
[WhiteElo "2282"]
[BlackElo "2471"]
[TimeControl "180+1"]
[EndTime "10:17:50 PDT"]
[Termination "BabyBoss31 won by resignation"]

1. d4 Nf6 2. c4 Nc6 3. Nf3 e6 4. a3 d6 5. Nc3 g6 6. e4 Bg7 7. h3 O-O 8. Bg5 h6 9. Be3 Re8 10. Bd3 e5 11. d5 Nd4 12. Nxd4 exd4 13. Bxd4 Nxe4 14. Bxe4 f5 15. Bxg7 Kxg7 16. Qd4+ Qf6 17. O-O-O fxe4 18. Nxe4 Qxd4 19. Rxd4 Bf5 20. Ng3 Bd7 21.
Kd2 Rf8 22. f3 Rae8 23. Re1 Rxe1 24. Kxe1 Bf5 25. Nxf5+ gxf5 26. Kf2 Re8 27. b4 Kf6 28. g4 Kg5 29. gxf5 Kxf5 30. Rh4 Kg5 31. Rg4+ Kf6 32.
Rf4+ Kg6 33. Re4 Rc8 34. Re7 Kf6 35. Rh7 Ke5 36. Ke3 c6 37. Rxh6 cxd5 38. Rh5+ Kf6 39. Rxd5 Rxc4 40. Rxd6+ Ke5 41. Rd7 Rc3+ 42. Kf2 Rxa3 43.
Rxb7 Kf4 44. Rf7+ Ke5 45. Kg3 a6 46. Ra7 Kd4 47. Rb7 Kc4 48. Rb6 Ra4 49. h4 Ra1 50. h5 Rh1 51. h6 Rh5 52. Rxa6 Kxb4 53. Rg6 Kc5 54. Kg4 Rh1 55. Rg5+ Kd6 56. Rh5 Rg1+ 57. Kf5 Rg8 58. Kf6 Rf8+ 59. Kg7 Rxf3 60. h7 Rg3+ 61. Kf6 Rf3+ 62. Kg5 Rg3+ 63. Kf4 Rf3+ 64. Kxf3 1-0

[Event "*** Titled Tuesday Blitz"]
[Site "Chess.com"]
[Date "2020.05.05"]
[Round "2"]
[White "JozefKneht"]
[Black "rogapa"]
[Result "0-1"]
[WhiteElo "2480"]
[BlackElo "2707"]
[TimeControl "180+1"]
[EndTime "10:17:51 PDT"]
[Termination "rogapa won by resignation"]

1. e4 c5 2. Nf3 d6 3. d4 cxd4 4. Nxd4 Nf6 5. Nc3 a6 6. Bg5 Nbd7 7. f4 Qc7 8. Qf3 b5 9. Bxf6 Nxf6 10. e5 Bb7 11. Qg3 dxe5 12. fxe5 Nd7 13. e6 Qxg3+ 14. hxg3 Nc5 15. exf7+ Kxf7 16. Nf3 Rd8 17. Be2 g6 18. Ng5+ Kf6 19. Nf3 e5 20. O-O Bh6 21. Kh2 b4 22. Nd1 e4 23. Nd2+ Ke7 24. Nc4 Bg7 25. Nde3 Na4 26.
Rab1 h5 27. a3 bxa3 28. bxa3 Ba8 29. Rfe1 Nc3 30. Rb6 h4 31. Rxg6 hxg3+ 32. Kxg3 Bf6 33. Bg4 Bh4+ 0-1

[Event "*** Titled Tuesday Blitz"]
[Site "Chess.com"]
[Date "2020.05.05"]
[Round "2"]
[White "NemtsevIgor"]
[Black "Man-Chuk"]
[Result "0-1"]
[WhiteElo "2331"]
[BlackElo "2749"]
[TimeControl "180+1"]
[EndTime "10:17:51 PDT"]
[Termination "Man-Chuk won on time"]

1. d4 Nf6 2. Bf4 g6 3. e3 Bg7 4. Nf3 d6 5. Be2 O-O 6. O-O Nc6 7. Nc3 Nh5 8. Bg5 h6 9. Bh4 g5 10. Nd2 gxh4 11. Bxh5 h3 12. g3 e5 13. d5 Ne7 14. e4 c6 15. Nc4 cxd5 16. exd5 f5 17. Nb5 Rf6 18. a4 a6 19. Nc3 Qc7 20. Be2 b6 21. a5 b5 22. Nb6 Rb8 23. Nxc8 Rxc8 24. Re1 e4 25. Bf1 Rff8 26. Bxh3 Bxc3 27. bxc3 Qxc3 28.
Qh5 Kg7 29. Rac1 Qe5 30. c3 Nxd5 31. Red1 Nxc3 32. Rf1 d5 33. Rce1 d4 34. Qh4 d3 35.
f4 Qf6 36. Qh5 d2 37. Ra1 e3 38. Qf3 e2 0-1

[Event "*** Titled Tuesday Blitz"]
[Site "Chess.com"]
[Date "2020.05.05"]
[Round "2"]
[White "eljanov"]
[Black "Ziachess74"]
[Result "1-0"]
[WhiteElo "2940"]
[BlackElo "2571"]
[TimeControl "180+1"]
[EndTime "10:17:52 PDT"]
[Termination "eljanov won by resignation"]

1. Nf3 d5 2. g3 Nf6 3. Bg2 e6 4. O-O Be7 5. c4 O-O 6. d4 dxc4 7. Qa4 a6 8. Qxc4 b5 9. Qc2 Bb7 10. Bd2 Bd6 11. a3 Be4 12. Qc1 Ra7 13.
Rd1 Nbd7 14. Ba5 Qe7 15. Nbd2 Bxf3 16. Nxf3 c5 17. dxc5 Bxc5 18. Nd4 Ne5 19. Qf4 Bd6 20. Bc3 Nfd7 21. Nc6 Nxc6 22. Qxd6 Qxd6 23. Rxd6 Nce5 24.
Rad1 Rd8 1-0

[Event "*** Titled Tuesday Blitz"]
[Site "Chess.com"]
[Date "2020.05.05"]
[Round "2"]
[White "GukeshDommaraju"]
[Black "1random"]
[Result "1-0"]
[WhiteElo "2794"]
[BlackElo "2526"]
[TimeControl "180+1"]
[EndTime "10:17:52 PDT"]
[Termination "GukeshDommaraju won on time"]

1. e4 d5 2. exd5 Nf6 3. Nf3 Bg4 4. d4 Qxd5 5. Be2 Nc6 6. Be3 O-O-O 7. Nc3 Qf5 8. Nh4 Qh5 9. Bxg4+ Nxg4 10. Nf3 e5 11.
d5 Nf6 12. Ng5 Qg6 13. Qd3 Nb4 14. Qxg6 fxg6 15. O-O-O Rg8 16. Ne6 Rd7 17. Nxf8 Rxf8 18. Bc5 Nxa2+ 19. Nxa2 Rfd8 20. c4 Ne4 21. Be3 Nd6 22.
b3 b5 23. c5 Nf5 24. Nb4 a5 25. Nc6 Re8 26. Na7+ Kb8 27. Nxb5 1-0

[Event "*** Titled Tuesday Blitz"]
[Site "Chess.com"]
[Date "2020.05.05"]
[Round "2"]
[White "kpio91"]
[Black "FedaMaster"]
[Result "0-1"]
[WhiteElo "2756"]
[BlackElo "2536"]
[TimeControl "180+1"]
[EndTime "10:17:52 PDT"]
[Termination "FedaMaster won by resignation"]

1. d4 Nf6 2. c4 g6 3. Nf3 Bg7 4. g3 O-O 5. Bg2 d5 6. cxd5 Nxd5 7. O-O Nb6 8. Nc3 Nc6 9. e3 e5 10. d5 e4 11. dxc6 Qxd1 12. Rxd1 exf3 13. Bxf3 bxc6 14. Bd2 Nc4 15. Rab1 Bf5 16. e4 Nxd2 17. Rxd2 Be6 18. Rc2 Bxc3 19. Rxc3 Bxa2 20. Ra1 Be6 21. Rxc6 Rab8 22.
Rxa7 Rxb2 23. Raxc7 Ra8 24. Rc2 Bh3 25. Bd1 Ra1 26. Rc1 Rbb1 0-1

[Event "*** Titled Tuesday Blitz"]
[Site "Chess.com"]
[Date "2020.05.05"]
[Round "2"]
[White "Firegrizzly"]
[Black "crazy_but_lazy"]
[Result "1-0"]
[WhiteElo "2647"]
[BlackElo "2380"]
[TimeControl "180+1"]
[EndTime "10:17:53 PDT"]
[Termination "Firegrizzly won by resignation"]

1. d4 Nf6 2. Nf3 e6 3. Bg5 c5 4. c3 Nc6 5. e3 h6 6. Bh4 d5 7.
Nbd2 Be7 8. Bd3 b6 9. Qe2 Bb7 10.
O-O Rc8 11. Rad1 O-O 12. dxc5 bxc5 13. e4 Re8 14. Rfe1 Qb6 15. Bxf6 Bxf6 16. exd5 Na5 17.
dxe6 Rxe6 18. Qf1 Qxb2 19. Rxe6 fxe6 20. Ne4 Bxe4 21. Bxe4 Qxc3 22. Qa6 Re8 23. Bg6 Rf8 24.
Qxe6+ Kh8 25. Qd7 Nc4 26. Qxa7 Bd4 27. Qe7 Rg8 28. Bf7 Ra8 29. Re1 Ne5 30. Rxe5 Bxe5 31.
Qxe5 Qxe5 32. Nxe5 g5 33. g3 Kg7 34. f4 gxf4 35. gxf4 Kf6 36. Bb3 Rc8 37. Kf2 Kf5 38. Ke3 Kf6 39. Ke4 Rd8 40. Bd5 Rb8 41. Nd3 Rb1 42.
Nxc5 Rh1 43. a4 Rxh2 44. a5 Re2+ 45. Kd3 Re1 46. a6 Ra1 47. Bb3 Rxa6 48. Nxa6 Kf5 49. Ke3 h5 1-0

[Event "*** Titled Tuesday Blitz"]
[Site "Chess.com"]
[Date "2020.05.05"]
[Round "2"]
[White "InitiatingASC"]
[Black "DanielMieles1985"]
[Result "0-1"]
[WhiteElo "2322"]
[BlackElo "2659"]
[TimeControl "180+1"]
[EndTime "10:17:53 PDT"]
[Termination "DanielMieles1985 won by checkmate"]

1. Nf3 Nf6 2. g3 g6 3. Bg2 Bg7 4. O-O O-O 5. c4 c6 6. d3 d6 7. Nbd2 Qa5 8. a3 Qh5 9. Re1 Bh3 10. Bh1 Nbd7 11. Rb1 Ng4 12. b4 f5 13. Bb2 e5 14.
b5 Rae8 15. bxc6 bxc6 16. Ba1 e4 17. Bxg7 Kxg7 18. Nd4 e3 19. fxe3 Bg2 20. h4 Bxh1 21.
Rb7 Rf7 22. Qa4 Nxe3 23. Kxh1 Qg4 24. Kh2 Qxd4 25. Qxc6 Ng4+ 26. Kh3 Qf2 27. Nf3 Rxe2 28. Rxe2 Qxe2 29. Rxd7 Qf1# 0-1

[Event "*** Titled Tuesday Blitz"]
[Site "Chess.com"]
[Date "2020.05.05"]
[Round "2"]
[White "IMTominho"]
[Black "TargetA"]
[Result "1-0"]
[WhiteElo "2785"]
[BlackElo "2523"]
[TimeControl "180+1"]
[EndTime "10:17:54 PDT"]
[Termination "IMTominho won by resignation"]

1. d4 Nf6 2. c4 g6 3. Nc3 Bg7 4. e4 d6 5. Nge2 O-O 6. Ng3 e5 7. d5 a5 8. Bg5 h6 9. Be3 Na6 10. Be2 c6 11. Qd2 cxd5 12. cxd5 Kh7 13. O-O Nc5 14.
Rac1 Bd7 15. f3 Qb8 16. Nb5 b6 17. Kh1 Ne8 18. f4 Nf6 19. fxe5 dxe5 20. Nc3 Ng4 21.
Bxg4 Bxg4 22. Bxc5 bxc5 23. Na4 f5 24. exf5 gxf5 25.
Qd3 e4 26. Nxe4 Qb4 27. Nexc5 Bh5 28. a3 Qh4 29. Rc4 Qe7 30. Ne6 Bg6 31. Nxf8+ Rxf8 32. d6 Qd7 33. Nc5 Qc6 34. Ne6 Qd7 35. Nxf8+ Bxf8 36. Rc7 1-0

[Event "*** Titled Tuesday Blitz"]
[Site "Chess.com"]
[Date "2020.05.05"]
[Round "2"]
[White "Barbus89"]
[Black "K_A_S_T_O_R"]
[Result "0-1"]
[WhiteElo "2335"]
[BlackElo "2778"]
[TimeControl "180+1"]
[EndTime "10:17:54 PDT"]
[Termination "K_A_S_T_O_R won on time"]

1. d4 Nf6 2. Nf3 e6 3. g3 b6 4. Bg2 Bb7 5. O-O c5 6. c4 cxd4 7. Qxd4 d6 8. Nc3 a6 9. Rd1 Nbd7 10. b3 Be7 11. Ba3 Nc5 12. b4 Ncd7 13. Na4 Qc7 14. Rac1 Rc8 15. b5 Nc5 16. Nxc5 bxc5 17. Qd3 O-O 18. Bb2 Be4 19. Qc3 axb5 20. cxb5 Ra8 21. Ra1 Ra4 22. Qb3 Rfa8 23. a3 Qb7 24. Rac1 Bd5 25. Qd3 c4 26. Qc2 Qxb5 27. Ng5 Bxg2 28.
Bxf6 Bxf6 29. Qxh7+ Kf8 30. Rb1 Qc6 31. Rxd6 Qxd6 32. Rb7 Bxb7 0-1

[Event "*** Titled Tuesday Blitz"]
[Site "Chess.com"]
[Date "2020.05.05"]
[Round "2"]
[White "DonBroca"]
[Black "Loiacono_Antonio"]
[Result "1-0"]
[WhiteElo "2117"]
[BlackElo "2369"]
[TimeControl "180+1"]
[EndTime "10:17:55 PDT"]
[Termination "DonBroca won by resignation"]

1. e4 c6 2. d4 d5 3. Nc3 dxe4 4. Nxe4 Nf6 5. Qd3 Nxe4 6. Qxe4 Qd5 7. Bd3 Qxe4+ 8.
Bxe4 Nd7 9. Nf3 Nf6 10. Bd3 Bg4 11. Ne5 Bh5 12. Bf4 e6 13. f3 Rd8 14. c3 Be7 15. O-O-O O-O 16. g4 Bg6 17. Bxg6 hxg6 18. h4 Nd5 19. Bd2 Bf6 20. h5 gxh5 21. Rxh5 g6 22. Rh2 Kg7 23. Rdh1 Bxe5 24. dxe5 Rh8 25. Rxh8 Rxh8 26. Rxh8 Kxh8 27. c4 Nb6 28. b3 Kg7 29.
Be3 Kf8 30. Bxb6 axb6 31. Kd2 g5 32. Ke3 Ke7 33. f4 gxf4+ 34. Kxf4 Kf8 35. Kg5 Kg7 36.
a3 b5 37. cxb5 cxb5 38. a4 bxa4 39. bxa4 b6 40. Kf4 Kh6 41. Ke4 Kg5 42. Kf3 Kh6 43.
Kf4 Kg6 44. Ke4 Kg7 45. Kd4 Kg6 46. Kc4 Kg5 47. Kb5 Kxg4 48. Kxb6 Kf5 49. a5 Kxe5 50. a6 f5 51. a7 f4 52. a8=Q Kf5 53. Qf3 e5 54. Kc5 e4 55. Qh5+ Kf6 56. Kd4 f3 57.
Kxe4 1-0

[Event "*** Titled Tuesday Blitz"]
[Site "Chess.com"]
[Date "2020.05.05"]
[Round "2"]
[White "fish7728"]
[Black "DortmundCity"]
[Result "0-1"]
[WhiteElo "2062"]
[BlackElo "2376"]
[TimeControl "180+1"]
[EndTime "10:17:56 PDT"]
[Termination "DortmundCity won on time"]

1. d4 f5 2. Nf3 Nf6 3. Bg5 Ne4 4. Bf4 d6 5. Nbd2 g6 6. Nxe4 fxe4 7. Ng5 Bf5 8. f3 exf3 9. gxf3 Bg7 10. e4 Bc8 11. Bc4 Rf8 12. Qd2 e5 13. dxe5 Nc6 14. exd6 Qf6 15.
Be3 cxd6 16. c3 Qe7 17. Nxh7 Qh4+ 18. Ke2 Qxh7 19. Qxd6 Be5 20. Qd5 Bh3 21. Bb5 Qh5 22. Bxc6+ bxc6 23. Qxc6+ Kf7 24. Bd4 Bxd4 25. cxd4 Kg7 26.
e5 Rac8 27. Qb7+ Rf7 28. Qe4 Rc2+ 29. Qxc2 Qxf3+ 30. Kd2 Qg2+ 0-1